 Dungeon Crawl Stone Soup version 0.30.0 (webtiles) character file.

Game seed: 11986953007283044467

5545 Kenran the Grappler (level 10, -2/93 HPs)
             Began as a Minotaur Cinder Acolyte on May 6, 2023.
             Was a Priest of Ignis.
             Slain by a wolf (9 damage)
             ... on level 9 of the Dungeon.
             The game lasted 00:19:11 (8804 turns).

Kenran the Grappler (Minotaur Cinder Acolyte)       Turns: 8804, Time: 00:19:11

Health: -2/93      AC: 19    Str: 23    XL:     10   Next: 43%
Magic:  10/10      EV:  7    Int: 11    God:    Ignis [***...]
Gold:   2136       SH:  5    Dex:  6    Spells: 11/11 levels left

rFire   + .          .
                       - Unarmed
rCold   . . .        D - orb {light}
rNeg    + . .        B - +0 plate armour
rPois   .            (helmet restricted)
rElec   .            (no cloak)
rCorr   .            (no gloves)
SInv    .            v - +0 pair of boots
Will    .....        b - amulet of reflection Stlth
                     N - ring of positive energy
HPRegen 0.35/turn    (no ring)
MPRegen 0.12/turn

%: reflection
@: fiery-armoured, glowing
A: horns 2, retaliatory headbutt
a: Renounce Religion, Fiery Armour, Foxfire Swarm


You were on level 9 of the Dungeon.
You worshipped Ignis.
Ignis was most pleased with you.
You visited 1 branch of the dungeon, and saw 9 of its levels.

You collected 2136 gold pieces.


Innate Abilities, Weirdness & Mutations

You have a pair of horns on your head.
You reflexively headbutt those who attack you in melee.


   Skills:
 - Level 10.0 Fighting
 - Level 4.0 Armour
 - Level 2.0 Dodging
 + Level 13.5 Unarmed Combat
 - Level 1.0 Spellcasting
 - Level 2.1 Fire Magic
 - Level 4.0 Evocations


You had 11 spell levels left.
You didn't know any spells.
Your spell library contained the following spells:

 Spells                   Type           Power      Damage    Failure   Level
 Scorch                   Fire           10%        2d5       98%         2
 Blink                    Tloc           0%         N/A       100%        2
 Lesser Beckoning         Tloc           0%         N/A       100%        2
 Momentum Strike          Conj/Tloc      0%         3d8       100%        2
 Summon Forest            Summ/Tloc      0%         N/A       100%        5
 Summon Mana Viper        Hex/Summ       0%         N/A       100%        5
 Summon Cactus Giant      Summ           0%         N/A       100%        6

Inventory:

Missiles
 a - a curare-tipped dart {=f}
 l - 19 poisoned darts (quivered)
Armour
 v - a +0 pair of boots (worn)
   (You found it on level 4 of the Dungeon)
 B - a +0 plate armour (worn)
   (You found it on level 7 of the Dungeon)
 D - an orb of light (worn)
   (You found it on level 7 of the Dungeon)
Jewellery
 b - an amulet of reflection (around neck)
   (You found it on level 1 of the Dungeon)
 N - a ring of positive energy (left hand)
   (You found it on level 3 of the Dungeon)
Wands
 m - a wand of flame (13)
   (You found it on level 8 of the Dungeon)
 n - a wand of charming (17)
   (You found it on level 3 of the Dungeon)
 o - a wand of light (14)
   (You found it on level 3 of the Dungeon)
 y - a wand of polymorph (8)
   (You found it on level 7 of the Dungeon)
 C - a wand of roots (9)
   (You found it on level 7 of the Dungeon)
Scrolls
 g - 9 scrolls of teleportation {@r4}
 h - a scroll of immolation {unknown}
 j - 4 scrolls of fear
 r - a scroll of blinking {unknown}
 w - 2 scrolls of magic mapping {!r}
 A - a scroll of butterflies
Potions
 c - 2 potions of ambrosia {unknown}
 d - 2 potions of lignification {unknown}
 f - a potion of cancellation {unknown}
 i - 2 potions of heal wounds {unknown}
 k - 2 potions of mutation {unknown}
 p - 2 potions of might {unknown}
 q - 3 potions of brilliance
 u - 3 potions of attraction {unknown}
 x - a potion of curing {@q1}
 z - a potion of berserk rage {unknown}

Dungeon Overview and Level Annotations

Branches:
Dungeon (9/15) Zot: 26907  Temple (0/1) D:6
   Lair: D:8-11         Orc: D:9-12

Altars:
Ashenzari
Cheibriados
Elyvilon
Fedhas
Gozag
Hepliaklqana
Makhleb
Nemelex Xobeh
Okawaru
Qazlal
Sif Muna
Trog
Uskayaw
Xom
The Shining One

Shops:
D:4 :

Annotations:
D:7 exclusion: upstairs

######.#####
#...........
#.#....#.#.# #
#.#..........#
#.#<†###.#.#.
#.#..# ... #.#..#
#)# #....# #h#
#...## #@# #...#
#.# #...######.#
#..........#
##....>.........#
#.############..
...# #.##.# ..
...


You could see a wolf.


Message History

Unknown command.
You hit the hornet. Your headbutt misses the hornet. The hornet stings you.
You are poisoned.
You feel as though you will be slow longer.
The hornet stings you!
* * * LOW HITPOINT WARNING * * *
You feel as though you will be slow longer. 😨 HP[-9]
You take 9 damage, and now have 40/91 hp.
You barely miss the hornet.
You feel very sick.
Psyche mumbles some strange words.
A swirling arc of seething chaos appears!
The arc of chaos hits the hornet.
The hornet is drained!
The hornet stings you but does no damage.
You hear a howl! 😨 HP[-3]
You take 3 damage, and now have 37/91 hp.
You pummel the hornet!!
You kill the hornet!
You feel sick. 😨 HP[-1]
You take 1 damage, and now have 36/91 hp.
Okay, then.
You hit Psyche.
You feel sick. You block Psyche's attack.
Psyche hits you but does no damage. 😨 HP[-2]
You take 2 damage, and now have 34/91 hp.
You pummel Psyche!!
You feel sick. Psyche hits you but does no damage.
You punch Psyche!
You kill Psyche!
You feel sick. The troll barely misses you. The troll claws you!
* * * LOW HITPOINT WARNING * * *
You block the troll's attack. 😨 HP[-10]
You now have 92 max hp (+1).
You take 10 damage, and now have 24/92 hp.
You hit the troll.
You feel sick.
A wolf comes into view.
The troll bites you.
* * * LOW HITPOINT WARNING * * *
The troll claws you.
* * * LOW HITPOINT WARNING * * *
The troll barely misses you. 😱 HP[-5]
You take 5 damage, and now have 19/92 hp.
You feel better. The troll bites you.
* * * LOW HITPOINT WARNING * * *
The troll claws you but does no damage. x2 😱 HP[-1]
You take 1 damage, and now have 18/92 hp.
A protective cloak of flame settles atop you.
You block the troll's attack. The troll completely misses you.
The troll claws you but does no damage.
The troll is burned by your cloak of flames.
The troll bites you but does no damage.
The troll is burned by your cloak of flames.
The troll completely misses you. The troll claws you but does no damage.
The troll is burned by your cloak of flames. 😱 HP[+1]
You punch the troll! You headbutt the troll.
The troll bites you but does no damage.
The troll is burned by your cloak of flames.
The troll claws you but does no damage.
The troll is burned by your cloak of flames.
The troll barely misses you.
You hit the troll.
You headbutt the troll, but do no damage.
The troll misses you. You furiously retaliate!
You headbutt the troll!
You kill the troll! 😱 HP[+1]
You now have 93 max hp (+1).
You feel yourself speed up.
A wolf comes into view.
The wolf barely misses you. x2; You furiously retaliate!
You headbutt the wolf.
The wolf howls!
You punch the wolf! You headbutt the wolf.
You kill the wolf!
You hear a bark!
Training target 10.0 for Fighting reached!
Your Fighting skill increases to level 10! 😱 HP[+1]
The wolf barely misses you. You block the wolf's attack.
You punch the wolf! The wolf bites you.
* * * LOW HITPOINT WARNING * * *
The wolf is burned by your cloak of flames. 😱 HP[-3]
You take 3 damage, and now have 18/93 hp.
You closely miss the wolf. Your headbutt misses the wolf. The wolf bites you!
* * * LOW HITPOINT WARNING * * *
The wolf is burned by your cloak of flames. 😱 HP[-9]
You take 9 damage, and now have 9/93 hp.
You hit the wolf but do no damage. The wolf bites you.
* * * LOW HITPOINT WARNING * * *
The wolf is burned by your cloak of flames. 😱 HP[-3]
You take 3 damage, and now have 6/93 hp.
You closely miss the wolf. The wolf bites you!
You die...

Skill      XL: |  1  2  3  4  5  6  7  8  9 10 |
---------------+-------------------------------+-----
Unarmed Combat | 4 5 6 7 8 10 11 12 13 | 13.5
Fighting       | 4 7 8 10 | 10.0
Armour         | 2 4 |  4.0
Dodging        | 2 |  2.0
Evocations     | 2 4 |  4.0
Spellcasting   | |  1.0
Fire Magic     | |  2.1

Action                     |  1- 3 |  4- 6 |  7- 9 | 10-12 || total
---------------------------+-------+-------+-------+-------++-------
  Melee: Unarmed           |    80 |   146 |   250 |    58 ||   534
         Headbutt          |     6 |    13 |    41 |    10 ||    70
         Punch             |     3 |     4 |     5 |       ||    12
 Invoke: Fiery Armour      |       |     1 |     4 |     1 ||     6
         Rising Flame      |       |       |     1 |       ||     1
  Evoke: Wand              |       |     1 |       |       ||     1
    Use: Scroll            |     1 |       |     9 |     3 ||    13
         Potion            |       |       |       |     2 ||     2
 Armour: Robe              |     4 |       |       |       ||     4
         Ring mail         |    14 |    50 |    17 |       ||    81
         Plate armour      |       |       |    73 |    30 ||   103
  Dodge: Dodged            |    31 |    64 |    61 |    18 ||   174
  Block: Other             |    18 |    31 |    21 |       ||    70
         Reflection        |       |     1 |     3 |       ||     4
         Orb               |       |       |    19 |     9 ||    28

Levels and vault maps discovered:
D:1:      heliophobic_arrival_dark_side_of_the_moon, layout_basic,
          hellmonk_ecumenical_altar_defaced_shrine
D:2:      layout_basic
D:3:      layout_basic, nemelex_dance_club_becter, nicolae_uskayaw_dance_hall
D:4:      layout_rooms, overflow_temple_1_default,
          chequers_temple_overflow_statue_of_worship,
          mainiacjoe_overflow_tiny_flanked, mainiacjoe_overflow_catch_the_wave,
          nicolae_shop_self_help, uniq_pikel
D:5:      layout_loops_ring, mainiacjoe_overflow_brackets, uniq_menkaure
D:6:      layout_layer_cave, grunt_gozag_statues,
          nicolae_overflow_two_pavilions, minmay_temple_entry_gardened_gates,
          hex_medium, uniq_maggie, uniq_grinder
D:7:      layout_cave_pods, bloody_trog, st_stairs_14
D:8:      layout_loops_corners, okawaru_gym_becter, uniq_joseph, uniq_grum
D:9:      layout_loops_ring, nicolae_vehumet_radiance, erik_lair_island,
          minmay_st_funbox, uniq_psyche

Notes
Turn   | Place    | Note
-------+----------+-------------------------------------------
     0 | D:1      | Kenran the Minotaur Cinder Acolyte began the quest for the
                  | Orb.
     0 | D:1      | Reached XP level 1. HP: 19/19 MP: 1/1
     0 | D:1      | magus.rc [v1.11.6]
   356 | D:1      | Reached XP level 2. HP: 26/26 MP: 2/2
   369 | D:1      | Found a faded altar of an unknown god.
   398 | D:1      | Reached skill level 4 in Unarmed Combat
  1146 | D:2      | Reached XP level 3. HP: 29/31 MP: 3/3
  1522 | D:3      | Reached skill level 5 in Unarmed Combat
  1637 | D:3      | Reached XP level 4. HP: 34/39 MP: 4/4
  1728 | D:3      | Found a sparkling altar of Nemelex Xobeh.
  1759 | D:3      | Reached skill level 6 in Unarmed Combat
  1919 | D:3      | Found a hide-covered altar of Uskayaw.
  2079 | D:3      | HP: 8/39 [gnoll/+0 halberd of protection (10)]
  2082 | D:3      | Reached XP level 5. HP: 6/45 MP: 5/5
  2724 | D:3      | Reached skill level 7 in Unarmed Combat
  2896 | D:4      | Reached XP level 6. HP: 37/51 MP: 6/6
  2900 | D:4      | Noticed Pikel
  3132 | D:4      | Reached skill level 8 in Unarmed Combat
  3142 | D:4      | Found a snail-covered altar of Cheibriados.
  3154 | D:4      | Found a stormy altar of Qazlal.
  3161 | D:4      | Found a glowing golden altar of the Shining One.
  3420 | D:4      | Found a white marble altar of Elyvilon.
  3421 | D:4      | Found a shimmering blue altar of Sif Muna.
  3422 | D:4      | Found a broken altar of Ashenzari.
  3436 | D:4      | Reached XP level 7. HP: 52/57 MP: 7/7
  3472 | D:4      | Found Gainooto's Self-Improvement Boutique.
  3579 | D:4      | Killed Pikel
  3580 | D:4      | Reached skill level 10 in Unarmed Combat
  3580 | D:4      | Reached skill level 4 in Fighting
  3580 | D:4      | Reached skill level 2 in Armour
  3580 | D:4      | Reached skill level 1 in Dodging
  3584 | D:4      | HP: 15/60 [phantom (4)]
  3586 | D:4      | Reached skill level 2 in Dodging
  3586 | D:4      | Reached XP level 8. HP: 17/67 MP: 8/8
  3768 | D:4      | Found a shimmering altar of Xom.
  3812 | D:4      | Reached skill level 5 in Fighting
  4051 | D:5      | Entered Level 5 of the Dungeon
  4140 | D:5      | Reached skill level 1 in Evocations
  4411 | D:5      | Reached skill level 2 in Evocations
  4424 | D:5      | Found a burning altar of Makhleb.
  4511 | D:5      | Reached skill level 6 in Fighting
  4536 | D:5      | You fall into a shaft and drop 2 floors!
  4552 | D:6      | Noticed Maggie
  4831 | D:7      | Noticed a hornet
  4859 | D:7      | HP: 17/71 [poisoned by a water moccasin]
  5051 | D:7      | Paralysed by a hornet for 1 turns
  5055 | D:7      | Killed a hornet
  5056 | D:7      | Reached skill level 7 in Fighting
  5056 | D:7      | Reached skill level 11 in Unarmed Combat
  5271 | D:7      | Identified the +1 robe "Boyfitue" {rElec Str+3}
  5423 | D:7      | Reached XP level 9. HP: 79/79 MP: 9/9
  5452 | D:7      | Found a bloodstained altar of Trog.
  5474 | D:7      | Identified 2 scrolls of acquirement
  5724 | D:7      | Acquired 829 gold pieces
  5728 | D:7      | Acquired 675 gold pieces
  5746 | D:6      | Found an opulent altar of Gozag.
  5849 | D:6      | Found a staircase to the Ecumenical Temple.
  5982 | D:6      | Killed Maggie
  5983 | D:6      | Reached skill level 12 in Unarmed Combat
  5990 | D:6      | Noticed Grinder
  6032 | D:6      | Killed Grinder
  6033 | D:6      | Reached skill level 3 in Armour
  6070 | D:6      | Reached skill level 3 in Evocations
  6483 | D:6      | Found a blossoming altar of Fedhas.
  6483 | D:6      | Found a hazy altar of Hepliaklqana.
  6561 | D:6      | Reached skill level 4 in Armour
  7286 | D:5      | Noticed Menkaure
  7303 | D:5      | Killed Menkaure
  7304 | D:5      | Reached skill level 8 in Fighting
  7665 | D:8      | Noticed Joseph
  7868 | D:8      | Killed Joseph
  7869 | D:8      | Reached skill level 4 in Evocations
  7870 | D:8      | Reached XP level 10. HP: 60/90 MP: 10/10
  8249 | D:8      | Found an iron altar of Okawaru.
  8267 | D:8      | You add the spells Blink, Momentum Strike and Lesser
                  | Beckoning to your library.
  8283 | D:8      | Noticed Grum
  8323 | D:8      | Killed Grum
  8329 | D:8      | Reached skill level 9 in Fighting
  8329 | D:8      | Reached skill level 13 in Unarmed Combat
  8513 | D:8      | You add the spells Summon Forest, Summon Mana Viper and
                  | Summon Cactus Giant to your library.
  8774 | D:9      | Noticed Psyche
  8790 | D:9      | Killed Psyche
  8791 | D:9      | HP: 23/92 [troll (1)]
  8798 | D:9      | Reached skill level 10 in Fighting
  8801 | D:9      | HP: 18/93 [wolf (4)]
  8803 | D:9      | HP: 6/93 [wolf (3)]
  8804 | D:9      | Slain by a wolf

Vanquished Creatures
  Pikel (D:4)
  Joseph (D:8)
  Maggie (D:6)
  Psyche (D:9)
  A troll (D:9)
  2 hornets
  Grinder (D:6)
  3 yaks (D:9)
  Grum (D:8)
  A steam dragon (D:6)
  Menkaure (D:5)
  2 water moccasins
  3 orc warriors
  An ice beast (D:5)
  A black bear (D:4)
  3 wolves
  2 lemures (D:3)
  2 phantoms
  2 kobold brigands
  7 bullfrogs
  3 scorpions
  3 howler monkeys
  5 hounds
  2 gnoll boudas
  4 orc priests
  2 jellies
  A sleepcap (D:6)
  2 iguanas
  3 orc wizards
  10 gnolls
  7 adders
  2 white imps
  3 ufetubi
  A dart slug (D:4)
  20 orcs
  6 ball pythons
  5 bats
  2 endoplasms
  2 giant cockroaches
  8 goblins
  3 hobgoblins
  4 jackals (D:3)
  5 quokkas
  4 frilled lizards
  12 kobolds
  5 rats
161 creatures vanquished.

Vanquished Creatures (others)
  2 orcs (D:6)
  4 plants (D:6)
6 creatures vanquished.

Grand Total: 167 creatures vanquished

Table legend:
 A = Non-vault XP
 B = Vault XP
 C = Vault XP percentage of total XP
 D = Non-vault monster count
 E = Vault monster count
 F = Vault count percentage of total count
                 A         B        C        D         E       F
            +---------+---------+-------+---------+---------+-------
      Total |    4486 |    3436 |  43.4 |     143 |      16 |  10.1
            +---------+---------+-------+---------+---------+-------
        D:1 |      18 |       1 |   5.3 |      12 |       1 |   7.7
        D:2 |      26 |       0 |   0.0 |      15 |       0 |   0.0
        D:3 |     307 |       5 |   1.6 |      29 |       2 |   6.5
        D:4 |     527 |     651 |  55.3 |      18 |       1 |   5.3
        D:5 |     613 |     157 |  20.4 |      12 |       1 |   7.7
        D:6 |     983 |     667 |  40.4 |      20 |       2 |   9.1
        D:7 |     574 |     298 |  34.2 |      19 |       2 |   9.5
        D:8 |     642 |     886 |  58.0 |      14 |       4 |  22.2
        D:9 |     796 |     771 |  49.2 |       4 |       3 |  42.9
            +---------+---------+-------+---------+---------+-------

Skill      XL: |  1  2  3  4  5  6  7  8  9 10 |
---------------+-------------------------------+-----
Unarmed Combat | 4 5 6 7 8 10 11 12 13 | 13.5
Fighting       | 4 7 8 10 | 10.0
Armour         | 2 4 |  4.0
Dodging        | 2 |  2.0
Evocations     | 2 4 |  4.0
Spellcasting   | |  1.0
Fire Magic     | |  2.1

Action                     |  1- 3 |  4- 6 |  7- 9 | 10-12 || total
---------------------------+-------+-------+-------+-------++-------
  Melee: Unarmed           |    80 |   146 |   250 |    58 ||   534
         Headbutt          |     6 |    13 |    41 |    10 ||    70
         Punch             |     3 |     4 |     5 |       ||    12
 Invoke: Fiery Armour      |       |     1 |     4 |     1 ||     6
         Rising Flame      |       |       |     1 |       ||     1
  Evoke: Wand              |       |     1 |       |       ||     1
    Use: Scroll            |     1 |       |     9 |     3 ||    13
         Potion            |       |       |       |     2 ||     2
 Armour: Robe              |     4 |       |       |       ||     4
         Ring mail         |    14 |    50 |    17 |       ||    81
         Plate armour      |       |       |    73 |    30 ||   103
  Dodge: Dodged            |    31 |    64 |    61 |    18 ||   174
  Block: Other             |    18 |    31 |    21 |       ||    70
         Reflection        |       |     1 |     3 |       ||     4
         Orb               |       |       |    19 |     9 ||    28

Illustrated notes

Table legend:
 A = Kills in this place as a percentage of kills in the entire game.
 B = Kills by you in this place as a percentage of kills by you in the entire game.
 C = Kills by friends in this place as a percentage of kills by friends in the entire game.
 D = Other kills in this place as a percentage of other kills in the entire game.
 E = Experience gained in this place as a percentage of experience gained in the entire game.
 F = Experience gained in this place divided by the number of levels of this place that you have seen.
                   A       B       C       D       E      F
               +-------+-------+-------+-------+-------+----------------------
         Total | 100.0 | 100.0 |   N/A |   N/A | 100.0 | 880.2
       Dungeon | 100.0 | 100.0 |   N/A |   N/A | 100.0 | 880.2
               +-------+-------+-------+-------+-------+----------------------

Table legend: (Time is in decaauts)
 A = Elapsed time spent in this place.
 B = Non-inter-level travel time spent in this place.
 C = Inter-level travel time spent in this place.
 D = Time resting spent in this place.
 E = Time spent auto-exploring this place.
 F = Levels seen in this place.
 G = Mean time per level.
                   A        B        C        D        E       F      G
               +--------+--------+--------+--------+--------+-----+--------+
         Total |   8721 |   8370 |    351 |   1194 |   5361 |   9 |  969.0 |
       Dungeon |   8721 |   8370 |    351 |   1194 |   5361 |   9 |  969.0 |
               +--------+--------+--------+--------+--------+-----+--------+

Top non-repeatable levels by time:
     D:3: 1478 daAuts
     D:6: 1466 daAuts
     D:7: 1395 daAuts
     D:8: 1060 daAuts
     D:2: 975 daAuts
     D:4: 924 daAuts
     D:5: 687 daAuts
     D:1: 642 daAuts
     D:9: 91 daAuts
